 Dungeon Crawl Stone Soup version 0.30-a0-722-g3e6e8c874d (webtiles) character file.

Game seed: 9202401668362267529

1 hbarley the Grasshopper (level 1, 0/14 HPs)
             Began as a Ghoul Wanderer on Jan 27, 2023.
             Slain by a jackal (2 damage)
             ... on level 1 of the Dungeon.
             The game lasted 00:00:20 (23 turns).

hbarley the Grasshopper (Ghoul Wanderer)              Turns: 23, Time: 00:00:20

Health: 0/14       AC:  4    Str: 13    XL:     1   Next: 20%
Magic:  1/1        EV: 10    Int:  7    God:
Gold:   0          SH:  0    Dex: 10    Spells: 1/2 levels left

rFire   . . .      SeeInvis .    a - +2 sling
rCold   + . .      Faith    .    (no shield)
rNeg    + + +      Spirit   .    d - +0 leather armour
rPois   ∞          Reflect  .    b - +0 helmet
rElec   .          Harm     .    (no cloak)
rCorr   .          Rampage  .    (no gloves)
Will    .....                    (no boots)
Stlth   +                        (no amulet)
HPRegen 0.00/turn                (no ring)
MPRegen 0.07/turn                (no ring)

@: inhibited regen
A: claws 1, cold resistance 1, negative energy resistance 3, inhibited
regeneration, torment resistance 2, devour on kill
a: no special abilities


You were on level 1 of the Dungeon.
You visited 1 branch of the dungeon, and saw 1 of its levels.

Inventory:

Hand Weapons
 a - a +2 sling (weapon)
Armour
 b - a +0 helmet (worn)
 d - a +0 leather armour (worn)
Scrolls
 c - a scroll of vulnerability


   Skills:
 + Level 1.7 Ranged Weapons
 + Level 1.0 Armour
 + Level 1.1 Stealth
 + Level 1.0 Spellcasting
 + Level 4.5 Translocations


You had one spell level left.
You knew the following spells:

 Your Spells              Type           Power      Damage    Failure   Level
a - Apportation           Tloc           12%        N/A       9%          1

Your spell library contained the following spells:

 Spells                   Type           Power      Damage    Failure   Level
 Gell's Gravitas          Tloc           6%         N/A       24%         3


Dungeon Overview and Level Annotations

Branches:
Dungeon (1/15)

Altars:


Innate Abilities, Weirdness & Mutations

You are immune to poison.
You have sharp fingernails.
Your flesh is cold resistant. (rC+)
You are immune to negative energy. (rN+++)
You do not regenerate when monsters are visible.
You are immune to unholy pain and torment.
You thrive by killing the living.


Message History

The jackal bites you but does no damage.
The jackal bites you.
The jackal bites you but does no damage.
The jackal closely misses you.
You shoot a sling bullet. The sling bullet misses the jackal.
The jackal bites you but does no damage. x2
The jackal barely misses you.
You shoot a sling bullet. The sling bullet hits the jackal.
The jackal is heavily wounded.
The jackal barely misses you.
The jackal bites you but does no damage.
The jackal barely misses you.
The jackal bites you but does no damage.
The jackal barely misses you. The jackal closely misses you.
You shoot a sling bullet.
The sling bullet closely misses the jackal.
The jackal bites you but does no damage.
The jackal closely misses you. x4; The jackal barely misses you.
You shoot a sling bullet.
The sling bullet closely misses the jackal.
The jackal bites you but does no damage.
The jackal bites you.
The jackal bites you but does no damage.
The endoplasm barely misses you. The jackal bites you.
* * * LOW HITPOINT WARNING * * *
The jackal bites you but does no damage.
The jackal bites you.
* * * LOW HITPOINT WARNING * * *
You shoot a sling bullet. The sling bullet hits the jackal.
The jackal is severely wounded.
The jackal bites you but does no damage.
The jackal closely misses you.
The jackal bites you but does no damage.
The endoplasm hits you but does no damage.
The jackal completely misses you. The jackal misses you.
The jackal closely misses you.
You shoot a sling bullet. The sling bullet hits the jackal.
You kill the jackal!
The endoplasm closely misses you. The jackal bites you.
You die...

#.... ... ..
#....# ... ...
#..>.+ ...
....#....# ....
....#....##..
.........#..
..........++++++
####..Jh..'....+
......†@..+..<.+
......h...+....+
..........+....+
#.........++++++
#.......#.#
#.......#.#
........#.#
....[......


You could see an endoplasm and 2 jackals.

Vanquished Creatures
  2 jackals (D:1)
2 creatures vanquished.

Notes
Turn   | Place    | Note
-------+----------+-------------------------------------------
     0 | D:1      | hbarley the Ghoul Wanderer began the quest for the Orb.
     0 | D:1      | hbarley set off with the following items: a +2 sling, a +0
                  | helmet, a scroll of vulnerability, a +0 leather armour; and
                  | the following spell memorised: Apportation; and the
                  | following spells available to memorise: Gell's Gravitas.
     0 | D:1      | Reached XP level 1. HP: 14/14 MP: 1/1
    23 | D:1      | Slain by a jackal

Illustrated notes

Levels and vault maps discovered:
D:1:      lightli_arrival_maybe_door_vault, layout_basic

Action                     || total
---------------------------++-------
   Fire: Sling             ||    13
 Armour: Leather armour    ||    21
  Dodge: Dodged            ||    26

Table legend: (Time is in decaauts)
 A = Elapsed time spent in this place.
 B = Non-inter-level travel time spent in this place.
 C = Inter-level travel time spent in this place.
 D = Time resting spent in this place.
 E = Time spent auto-exploring this place.
 F = Levels seen in this place.
 G = Mean time per level.
                   A        B        C        D        E       F      G
               +--------+--------+--------+--------+--------+-----+--------+
         Total |     26 |     20 |      6 |      0 |      0 |   1 |   26.0 |
       Dungeon |     26 |     20 |      6 |      0 |      0 |   1 |   26.0 |
               +--------+--------+--------+--------+--------+-----+--------+

Top non-repeatable levels by time:
     D:1: 26 daAuts
